 Dungeon Crawl Stone Soup version 0.29.1-12-g30fa7ad0bf (webtiles) character file.

Game seed: 5883865397299178243

31 wormed the Covered (level 3, 0/23 HPs)
             Began as a Gargoyle Fighter on Dec 20, 2022.
             Frozen to death by an endoplasm (4 damage)
             ... on level 1 of the Dungeon.
             The game lasted 00:01:22 (1300 turns).

wormed the Covered (Gargoyle Fighter)               Turns: 1300, Time: 00:01:22

Health: 0/23       AC: 11    Str: 21    XL:     3   Next: 22%
Magic:  3/3        EV:  9    Int:  8    God:
Gold:   67         SH:  4    Dex:  9    Spells: 2/2 levels left

rFire   . . .      SeeInvis .   a - +0 flail
rCold   . . .      Faith    .   c - +0 buckler
rNeg    + . .      Spirit   .   b - +0 scale mail
rPois   ∞          Reflect  .   (no helmet)
rElec   +          Harm     .   (no cloak)
rCorr   +          Rampage  .   f - +0 pair of gloves
Will    .....                   (no boots)
Stlth   ..........              (no amulet)
HPRegen 0.07/turn               e - ring of resist corrosion
MPRegen 0.08/turn               (no ring)

@: no status effects
A: sickness immunity, AC +3, negative energy resistance 1, electricity
resistance, torment resistance 1, petrification resistance
a: no special abilities


You were on level 1 of the Dungeon.
You visited 1 branch of the dungeon, and saw 2 of its levels.

You collected 67 gold pieces.

Inventory:

Hand Weapons
 a - a +0 flail (weapon)
Armour
 b - a +0 scale mail (worn)
 c - a +0 buckler (worn)
 f - a +0 pair of gloves (worn)
Jewellery
 e - a ring of resist corrosion (left hand)
Potions
 d - a potion of might
 h - a potion of attraction {unknown}
 i - a potion of berserk rage {unknown}


   Skills:
 + Level 3.6 Fighting
 * Level 2.7 Maces & Flails
 + Level 3.6 Armour
 + Level 3.6 Shields


You had 2 spell levels left.
You didn't know any spells.
Your spell library was empty.

Dungeon Overview and Level Annotations

Branches:
Dungeon (2/15)

Altars:


Innate Abilities, Weirdness & Mutations

You are immune to sickness and miasma.
Your stone body is resilient. (AC +3)
You are immune to poison.
You resist negative energy. (rN+)
You are resistant to electric shocks. (rElec)
You are resistant to unholy torment.
You are immune to petrification.


Message History

The endoplasm hits you but does no damage.
The adder bites you but does no damage. The endoplasm closely misses you.
You hit the adder.
The adder is heavily wounded.
The adder bites you but does no damage. The endoplasm freezes you.
You are frozen.
You barely miss the adder.
The adder is heavily wounded.
The adder closely misses you. You block the endoplasm's attack.
You block the adder's attack.
You miss the adder.
The adder is heavily wounded.
The adder closely misses you.
The endoplasm hits you but does no damage.
The adder bites you. The endoplasm barely misses you.
You block the adder's attack. The endoplasm barely misses you.
You climb upwards.
There is a stone staircase leading down here.
You barely miss the adder.
The adder is heavily wounded.
The adder closely misses you. The endoplasm barely misses you.
The adder barely misses you.
You miss the adder.
The adder is heavily wounded.
The adder closely misses you. You block the endoplasm's attack.
The adder barely misses you.
You completely miss the adder.
The adder is heavily wounded.
The endoplasm hits you.
* * * LOW HITPOINT WARNING * * *
The adder bites you but does no damage. The endoplasm freezes you.
You are frozen.
* * * LOW HITPOINT WARNING * * *
The adder attacks as you move away! You block the adder's attack.
The adder bites you but does no damage. The endoplasm freezes you.
You are frozen.
You die...

#.# #.# #.# #.# #.#
##'# #.# #.# #...
#######.#######.# #...
#.........†.....# #...
#.#####.###########...
#.# #..............#
#.####################
#..†S@................
####J#######..........
#.# #............#.
#.###.###........#.
#.....# #..........
#.##..# ##########.
#.##..############.
#.###..............
#.# ###############


You could see an adder and an endoplasm.

Vanquished Creatures
  An adder (D:2)
  4 ball pythons (D:1)
  3 endoplasms (D:1)
  2 giant cockroaches (D:1)
  2 goblins (D:1)
  A hobgoblin (D:1)
  2 quokkas (D:1)
  2 bats (D:1)
  2 frilled lizards (D:1)
  A rat (D:1)
20 creatures vanquished.

Vanquished Creatures (others)
  7 toadstools (D:1)
7 creatures vanquished.

Grand Total: 27 creatures vanquished

Notes
Turn   | Place    | Note
-------+----------+-------------------------------------------
     0 | D:1      | wormed the Gargoyle Fighter began the quest for the Orb.
     0 | D:1      | Reached XP level 1. HP: 14/14 MP: 1/1
   392 | D:1      | Reached XP level 2. HP: 19/19 MP: 2/2
  1289 | D:2      | Reached XP level 3. HP: 20/23 MP: 3/3
  1300 | D:1      | Frozen to death by an endoplasm

Illustrated notes

Levels and vault maps discovered:
D:1:      nagdon_arrival_double_spiral, layout_basic
D:2:      layout_basic, serial_shops, shop, nicolae_diamond_shop, uniq_sigmund

Action                   || total
-------------------------++-------
Melee: Flail             ||    67
  Use: Scroll            ||     2
Armor: Scale mail        ||    46
Dodge: Dodged            ||    47
Block: Buckler           ||    19
